 Dungeon Crawl Stone Soup version 0.28-a0-793-g31680bbd8b (webtiles) character file.

Game seed: 6277916951125095900

458095 gimp the Fencer (level 23, -12/194 HPs)
             Began as a Demonspawn Cinder Acolyte on Nov 3, 2021.
             Was a Believer of Ignis.
             Shot with a bolt by a yaktaur captain (40 damage)
             ... on level 5 of the Vaults.
             The game lasted 03:16:18 (68660 turns).

gimp the Fencer (Demonspawn Cinder Acolyte)        Turns: 68660, Time: 03:16:18

Health: -12/194    AC: 22    Str: 20    XL:     23   Next: 31%
Magic:  42/42      EV: 12    Int: 36    God:    Ignis [**....]
Gold:   1277       SH: 18    Dex: 16    Spells: 4/52 levels left

rFire   + . .      SeeInvis +   E - +6 falchion of Spontaneous Combustion {elec, Will++ rCorr Str+2 Stlth-}
rCold   + + .      Faith    .   S - +0 kite shield
rNeg    + . .      Spirit   .   X - +0 ice dragon scales
rPois   +          Reflect  .   o - +2 hat {SInv}
rElec   +          Harm     .   (cloak unavailable)
rCorr   +          Rampage  .   q - +2 pair of gloves of Moral Flaws {Drain rPois Int+10 SInv}
Will    ++++.                   D - +2 pair of boots of the Accordion {Int+2}
Stlth   ..........              M - amulet of regeneration
HPRegen 1.42/turn               N - ring "Osiep" {Contam Fly Will+ rCorr Dex+3}
MPRegen 0.28/turn               V - ring "Orool" {Contam rElec rF+ rN+ Int+4}

@: corroded, flying, studying 2 skills
A: rugged brown scales 3, demonic guardian 3, icemail 2, augmentation 1,
condensation shield, weakness stinger 3, agile 1, deformed body, screaming 1
}: 2/15 runes: serpentine, barnacled
a: Renounce Religion, Sea of Fire, Foxfire Swarm, Rising Flame


You were on level 5 of the Vaults.
You worshipped Ignis.
Ignis was pleased with you.
You visited 8 branches of the dungeon, and saw 43 of its levels.
You visited the Abyss 2 times.
You also visited: Ossuary, Bailey, Ice Cave and Wizlab.

You collected 8105 gold pieces.
You spent 6828 gold pieces at shops.

Inventory:

Hand Weapons
 a - a +5 double sword of electrocution
 b - the +2 Maxwell's thermic engine {flame, freeze}
   (You bought it in a shop on level 1 of the Elven Halls)

   It burns those it strikes, dealing additional fire damage.
   Big, fiery blades are also staple armaments of hydra-hunters.
   It freezes those it strikes, dealing additional cold damage.
   It can also slow down cold-blooded creatures.
   It becomes more effective when it hits something.
   This effect fades over time.
 E - the +6 falchion of Spontaneous Combustion (weapon) {elec, Will++ rCorr Str+2 Stlth-}
   (You took it off a kobold brigand on level 8 of the Dungeon)

   It occasionally discharges a powerful burst of electricity upon striking a
   foe.
   Str:       It affects your strength (+2).
   rCorr:     It protects you from acid and corrosion.
   Will:      It greatly increases your willpower.
   Stlth:     It makes you less stealthy.
Missiles
 e - 6 curare-tipped darts
 m - 7 silver javelins
 n - 11 javelins
 w - 13 throwing nets
Armour
 o - a +2 hat of see invisible (worn)
 q - the +2 pair of gloves of Moral Flaws (worn) {Drain rPois Int+10 SInv}
   (You acquired it on level 6 of the Lair of Beasts)

   Int:       It affects your intelligence (+10).
   rPois:     It protects you from poison.
   SInv:      It lets you see invisible.
   Drain:     It drains your maximum health when unequipped.
 D - the +2 pair of boots of the Accordion (worn) {Int+2}
   (You acquired it on level 3 of the Lair of Beasts)

   Int:       It affects your intelligence (+2).
 S - a +0 kite shield (worn)
 X - +0 ice dragon scales (worn)
 Y - a +1 ring mail of fire resistance
Jewellery
 F - a ring of protection from cold
 M - an amulet of regeneration (around neck)
 N - the ring "Osiep" (left hand) {Contam Fly Will+ rCorr Dex+3}
   (You found it on level 3 of the Elven Halls)

   [ring of resist corrosion]

   Dex:       It affects your dexterity (+3).
   Fly:       It grants you flight.
   Contam:    It causes magical contamination when unequipped.
   rCorr:     It protects you from acid and corrosion.
   Will:      It increases your willpower.
 O - a ring of protection from fire
 Q - the ring "Hyzyxt" {Fly rN+ Will+}
   (You bought it in a shop on level 2 of the Orcish Mines)

   [ring of flight]

   rN:        It protects you from negative energy.
   Fly:       It grants you flight.
   Will:      It increases your willpower.
 V - the ring "Orool" (right hand) {Contam rElec rF+ rN+ Int+4}
   (You bought it in a shop on level 11 of the Dungeon)

   [ring of protection from fire]

   Int:       It affects your intelligence (+4).
   rF:        It protects you from fire.
   rElec:     It insulates you from electricity.
   rN:        It protects you from negative energy.
   Contam:    It causes magical contamination when unequipped.
Wands
 i - a wand of mindburst (47)
 v - a wand of flame (66)
 y - a wand of digging (17)
 A - a wand of acid (11)
 I - a wand of paralysis (72)
 T - a wand of iceblast (23)
Scrolls
 g - a scroll of summoning
 h - 5 scrolls of magic mapping
 s - 2 scrolls of silence
 B - 11 scrolls of teleportation
 H - 4 scrolls of fog
 P - 3 scrolls of blinking
 R - 2 scrolls of amnesia
 U - 4 scrolls of fear
 Z - 7 scrolls of enchant armour
Potions
 d - 5 potions of cancellation
 f - 3 potions of haste
 j - 7 potions of might
 k - 4 potions of ambrosia
 r - 7 potions of mutation
 u - 18 potions of curing
 x - 5 potions of brilliance
 C - 2 potions of heal wounds
 G - 7 potions of invisibility
 J - a potion of berserk rage
 L - 4 potions of magic
 W - 2 potions of resistance
Miscellaneous
 c - a condenser vane
 l - a phial of floods
 p - a phantom mirror
 z - a box of beasts
 K - a tin of tremorstones (2/2)


   Skills:
 - Level 15.4 Fighting
 * Level 15.8 Long Blades
 - Level 5.3 Maces & Flails
 - Level 15.0 Armour
 - Level 6.0 Dodging
 - Level 15.0 Shields
 - Level 15.0 Spellcasting
 - Level 15.0 Conjurations
 - Level 6.0 Hexes
 - Level 3.0 Summonings
 - Level 6.0 Necromancy
 - Level 3.0 Translocations
 + Level 15.1 Fire Magic
 - Level 6.0 Air Magic
 + Level 6.4 Earth Magic
 - Level 8.0 Evocations


You had 4 spell levels left.
You knew the following spells:

 Your Spells              Type           Power      Damage    Failure   Level
a - Scorch                Fire           100%       2d10      0%          2
b - Blink                 Tloc           96%        N/A       1%          2
c - Borgnjor's Vile Clut  Necr/Erth      32%        N/A       8%          5
e - Sticky Flame          Conj/Fire      94%        2d10      1%          4
f - Fireball              Conj/Fire      47%        3d19      1%          5
g - Starburst             Conj/Fire      47%        6d13      1%          6
h - Silence               Hex/Air        31%        N/A       8%          5
i - Ignition              Fire           47%        3d13      41%         8
j - Iron Shot             Conj/Erth      40%        9d8       6%          6
k - Irradiate             Conj/Tmut      34%        3d25      4%          5

Your spell library contained the following spells:

 Spells                   Type           Power      Damage    Failure   Level
 Foxfire                  Conj/Fire      100%       2x1d9     0%          1
 Magic Dart               Conj           100%       1d8       0%          1
 Searing Ray              Conj           100%       2d8       0%          2
 Shock                    Conj/Air       100%       1d9       1%          1
 Slow                     Hex            100%       N/A       1%          1
 Call Imp                 Summ           48%        N/A       1%          2
 Corpse Rot               Necr/Air       100%       N/A       1%          2
 Ensorcelled Hibernation  Hex/Ice        96%        N/A       1%          2
 Passwall                 Tmut/Erth      41%        N/A       1%          2
 Poisonous Vapours        Pois/Air       96%        N/A       1%          2
 Static Discharge         Conj/Air       80%        N/A       1%          2
 Sublimation of Blood     Necr           63%        N/A       1%          2
 Confusing Touch          Hex            63%        N/A       1%          3
 Conjure Flame            Conj/Fire      94%        6-21      1%          3
 Dazzling Flash           Conj/Hex       100%       N/A       1%          3
 Inner Flame              Hex/Fire       80%        N/A       1%          3
 Mephitic Cloud           Conj/Pois/Air  67%        N/A       1%          3
 Portal Projectile        Hex/Tloc       100%       N/A       1%          3
 Stone Arrow              Conj/Erth      100%       3d13      1%          3
 Summon Guardian Golem    Hex/Summ       56%        N/A       1%          3
 Tukima's Dance           Hex            63%        N/A       1%          3
 Vampiric Draining        Necr           63%        2d10      1%          3
 Flame Wave               Conj/Fire      94%        3d15      1%          4
 Fulminant Prism          Conj/Hex       40%        3d20      1%          4
 Hailstorm                Conj/Ice       69%        3d14      1%          4
 Iskenderun's Mystic Bla  Conj/Tloc      75%        2d15      1%          4
 Cause Fear               Hex            31%        N/A       2%          4
 Leda's Liquefaction      Hex/Erth       32%        N/A       2%          4
 Beastly Appendage        Tmut           54%        N/A       3%          1
 Freeze                   Ice            100%       1d11      3%          1
 Call Canine Familiar     Summ           48%        N/A       3%          3
 Gell's Gravitas          Tloc           48%        N/A       3%          3
 Teleport Other           Tloc           48%        N/A       3%          3
 Wereblood                Tmut           27%        N/A       4%          2
 Animate Armour           Summ/Erth      100%       N/A       4%          4
 Ozocubu's Armour         Ice            27%        N/A       10%         3
 Spider Form              Tmut/Pois      27%        N/A       10%         3
 Passage of Golubria      Tloc           48%        N/A       10%         4
 Summon Ice Beast         Ice/Summ       37%        N/A       19%         4
 Ice Form                 Ice/Tmut       27%        N/A       32%         4
 Olgreb's Toxic Radiance  Pois           27%        N/A       32%         4
 Iskenderun's Battlesphe  Conj           94%        2d14      1%          5
 Lightning Bolt           Conj/Air       40%        1d59      1%          5
 Freezing Cloud           Conj/Ice/Air   33%        6-21      5%          5
 Orb of Destruction       Conj           47%        9d15      6%          7
 Lee's Rapid Deconstruct  Erth           32%        3d18*     7%          5
 Conjure Ball Lightning   Conj/Air       40%        3x3d13    7%          6
 Summon Mana Viper        Hex/Summ       56%        N/A       14%         5
 Manifold Assault         Tloc           48%        N/A       26%         5
 Summon Forest            Summ/Tloc      24%        N/A       26%         5
 Spellforged Servitor     Conj/Summ      37%        N/A       56%         7
 Alistair's Intoxication  Tmut/Pois      18%        N/A       67%         5
 Blade Hands              Tmut           13%        N/A       67%         5
 Statue Form              Tmut/Erth      33%        N/A       80%         6
 Dispersal                Tloc           24%        N/A       83%         6
 Simulacrum               Ice/Necr       24%        N/A       83%         6
 Summon Cactus Giant      Summ           24%        N/A       83%         6
 Lehudib's Crystal Spear  Conj/Erth      40%        10d10     95%         8
 Eringya's Noxious Bog    Tmut/Pois      13%        N/A       99%         6
 Dragon Form              Tmut           13%        N/A       100%        7
 Malign Gateway           Summ/Tloc      24%        N/A       100%        7
 Ozocubu's Refrigeration  Ice            13%        4d7       100%        7
 Storm Form               Tmut/Air       24%        N/A       100%        7
 Summon Hydra             Summ           24%        N/A       100%        7
 Discord                  Hex            31%        N/A       100%        8
 Maxwell's Capacitive Co  Air            31%        ∞         100%        8
 Summon Horrible Things   Summ           24%        N/A       100%        8
 Chain Lightning          Conj/Air       40%        3d53      100%        9


Dungeon Overview and Level Annotations

Branches:
Dungeon (15/15)            Temple (0/1) D:5            Lair (6/6) D:10
 Shoals (4/4) Lair:4        Snake (4/4) Lair:4        Slime (0/5) Lair:5
    Orc (2/2) D:11            Elf (3/3) Orc:2        Vaults (5/5) D:13
  Crypt (0/3) Vaults:3     Depths (4/4) D:15            Zot (0/5) Depths:4
Ossuary (visited)          Bailey (visited)           IceCv (visited)
 WizLab (visited)

Altars:
Ashenzari
Dithmenos
Elyvilon
Kikubaaqudgha
Makhleb
Okawaru
Qazlal
Ru
Sif Muna
Trog
Vehumet
Yredelemnul
The Shining One
Beogh
Jiyva

Shops:
D:3 *   D:5 (   D:10 =   D:11 =(!   D:13 =   Orc:1 (   Orc:2 ::(=   Elf:1 (
Elf:2 ?   Snake:2 *   Snake:3 *   Snake:4 ?   Vaults:1 ?   Depths:4 =:=

Portals:
Hell: Depths:1 Depths:2 Depths:3 Depths:4
Abyss: Depths:1 Depths:3
Pandemonium: Depths:2
Ziggurat: Depths:2

Annotations:
D:4 Dowan, Duvessa
Elf:2 3 runed translucent doors
Vaults:3 1 runed translucent door, Budghuxen's ghost, veteran HOFi


Innate Abilities, Weirdness & Mutations

You are completely covered in rugged brown scales. (AC +3, +7% HP)
A powerful demonic guardian rushes to your aid.
A meltable icy envelope protects you from harm. (AC +8)
Your magical and physical power is slightly enhanced at high health.
A meltable shield of frost defends you. (SH +4)
You have a sharp stinger which inflicts weakening toxins.
You are agile. (Dex +2)
Armour fits poorly on your strangely shaped body.
You occasionally shout uncontrollably at your foes.


Message History

Your Executioner seems to speed up.
The yaktaur shoots a bolt.
The bolt hits you!
* * * LOW HITPOINT WARNING * * *
You block the entropy weaver's attack. x2
The entropy weaver hits you but does no damage.
You block the entropy weaver's attack.
You regained 15 hp, and now have 24/194 hp.
You feel much better.
The yaktaur shoots a bolt.
You block the bolt.
An ettin opens the door.
The entropy weaver casts a spell at you.
The entropic weave corrodes you!
The yaktaur captain shoots a bolt.
The bolt hits you!!
* * * LOW HITPOINT WARNING * * *
Blink to where?
Press: ? - help, Dir - move target You yell at the dread lich!
A dread lich comes into view.
As you read the scroll of blinking, it crumbles to dust.
The vault guard shouts!
The dread lich shouts!
You hear a shout!
You regained 2 hp, and now have 26/194 hp.
The engine shudders to a halt.
You feel stronger.
You hear the crackle of electricity.
E - the +6 falchion of Spontaneous Combustion (weapon)
{elec, Will++ rCorr Str+2 Stlth-} Your Executioner hits the entropy weaver!
Your Executioner barely misses the entropy weaver.
Your Executioner hits the entropy weaver but does no damage.
The entropy weaver hits your Executioner!
The entropy weaver hits your Executioner but does no damage.
The entropy weaver hits your Executioner.
The entropy weaver misses your Executioner.
Blink to where?
Press: ? - help, Dir - move target A yaktaur captain comes into view.
It is wielding a +3 war axe.
As you read the scroll of blinking, it crumbles to dust.
The yaktaur captain shouts!
The yaktaur captain unwields a +3 war axe.
The yaktaur captain wields a +0 arbalest.
The yaktaur captain shoots a bolt.
The bolt hits you!!!
You die...

*,,,,**********############
*,,,,,* *,,,,,,,,,,,,,,,,..
*,,#,,* *,,,,,,,,,,,,,,..##
*,,#.,* *,,,,,,,,,,,,,,#**#
*,,#..##**,,,,,,,,,***,* *
*,,#....#***,,,,****##'****
*,,#c....#***,,**###..,,+,,
*,,#......##****#![.c.,,**,
*,,#......@# ###(.Q...,***,
*,,#......####φ}.....(***,,
*,,#......###!.......[**,,,
*,,#.L...###}..C....)#**,,,
*,,#....#*#(..ccc..$#**,,,,
*,,#..C.###(...c..:##*,,,,,
*,,#§...##)...c.()## *,,,,,
*,,#p.1##...p.[:###* **,,,,
#,,#....'11...###*,*****,,,


You could see a dread lich, a yaktaur captain, a vault guard, an ettin and a
friendly Executioner (summoned, fast).

Vanquished Creatures
  Mennas (Vaults:2)
  Boris (Vaults:3)
  A golden dragon (Depths:3)
  A caustic shrike (shapeshifter) (D:14)
  Jory (Depths:3)
  the Enchantress (Depths:2)
  A hellephant (Abyss:2)
  A tentacled monstrosity (Depths:3)
  A walking crystal tome (Depths:3)
  A lich (Depths:3)
  2 deep elf blademasters (Elf:3)
  2 titans
  5 krakens
  A quicksilver dragon (Snake:4)
  Gastronok (Lair:3)
  4 sphinxes
  2 tentacled starspawn (Abyss:2)
  5 deep elf master archers
  4 tengu reavers
  A shadow dragon (Elf:1)
  2 thorn hunters (WizLab)
  Roxanne (Elf:3)
  A nagaraja (Snake:3)
  Ilsuiw (Shoals:3)
  4 fire giants
  3 fenstrider witches (WizLab)
  15 vault wardens
  8 frost giants
  5 storm dragons
  2 iron dragons (Depths:3)
  2 deep elf sorcerers
  4 deep elf elementalists (Elf:3)
  3 orc warlords
  6 ironbound preservers
  A draconian stormcaller (Depths:4)
  The ghost of Dowoeg the Nimble, a journeyman DjWn of Fedhas (Lair:5)
  23 very ugly things
  5 vampire knights
  3 spriggan defenders (Depths:3)
  10 stone giants
  The ghost of josh86 the Frost Mage, a journeyman BaIE of Elyvilon (D:14)
  The ghost of Gaergho the Fighter, a journeyman DrAK of Lugonu (Lair:5)
  9 deep elf demonologists
  The ghost of Ziry the Frost Mage, a journeyman DgIE (Lair:5)
  A black draconian (Depths:4)
  3 white draconians (Depths:4)
  2 green draconians
  7 spark wasps
  Nessos (Lair:4)
  A minotaur (D:14)
  A red draconian (Depths:4)
  8 deep elf annihilators
  A dire elephant (Vaults:2)
  2 yellow draconians (Depths:4)
  An entropy weaver (Vaults:3)
  The ghost of Necwier the Cleaver, a journeyman MiBe of Trog (Lair:5)
  3 deep elf death magi (Elf:3)
  Snorg (D:12)
  2 merfolk javelineers
  3 shambling mangroves (WizLab)
  A blizzard demon (Abyss:2)
  2 ettins (Depths:3)
  6 merfolk impalers
  8 fire dragons
  15 yaktaur captains
  3 deep elf high priests
  7 ironbound thunderhulks
  6 naga warriors
  8 great orbs of eyes
  Fannar (D:10)
  10 ice dragons
  2 rakshasas (Depths:3)
  7 boulder beetles
  Harold (D:9)
  5 merfolk avatars
  15 vault guards
  10 hydras
  2 ogre magi (Orc:2)
  4 spriggan air magi
  3 salamander tyrants (Snake:4)
  13 centaur warriors
  11 ironbound frosthearts
  12 two-headed ogres
  An alligator snapping turtle (Shoals:2)
  A catoblepas (Lair:2)
  A two-headed ogre (shapeshifter) (Depths:3)
  8 anacondas
  8 death yaks (Lair:6)
  A death knight (D:13)
  14 dancing weapons
  9 merfolk aquamancers
  4 tengu warriors
  Erica (Lair:2)
  5 deep troll shamans
  2 vampire magi (Depths:3)
  5 satyrs
  14 naga sharpshooters
  A sun demon (Abyss:2)
  4 deep troll earth magi
  5 thrashing horrors (Abyss:2)
  2 spriggan berserkers (Depths:3)
  A titan zombie (Vaults:4)
  4 orc high priests
  A shock serpent (shapeshifter) (Vaults:3)
  6 shock serpents
  13 deep elf knights
  A fire crab (shapeshifter) (Elf:1)
  9 hell knights
  3 iron trolls
  4 wretched stars
  A sixfirhy (Abyss:3)
  A skeletal warrior (D:13)
  3 salamander mystics
  10 starcursed masses
  A glowing orange brain (shapeshifter) (Elf:2)
  26 deep trolls
  2 glowing orange brains
  8 ironbound convokers
  A flayed ghost (Depths:4)
  7 naga ritualists
  16 deep elf zephyrmancers
  A swamp dragon (Lair:6)
  A lindwurm (Vaults:4)
  13 sea snakes
  A phantasmal warrior (D:13)
  12 wizards
  Pikel (D:4)
  7 mana vipers
  A harpy (shapeshifter) (Abyss:2)
  4 necromancers
  23 deep elf pyromancers
  14 deep elf archers
  46 ugly things
  11 harpies
  2 oklob plants (WizLab)
  A stone giant zombie (Vaults:4)
  A shining eye (Abyss:2)
  An orb spider (shapeshifter) (Elf:1)
  15 orc knights
  11 fauns
  A wolf spider (Lair:6)
  17 manticores
  An orc sorcerer (Orc:1)
  19 cyclopes
  4 elephants (Lair:6)
  8 salamanders
  9 guardian serpents
  6 water nymphs
  13 merfolk sirens
  2 human skeletons (Vaults:4)
  26 vault sentinels
  Joseph (Lair:1)
  A smoke demon (Abyss:3)
  2 orange demons (Abyss:2)
  15 naga magi
  30 black mambas
  A gargoyle (D:8)
  9 unseen horrors
  A cane toad (shapeshifter) (Depths:2)
  Maggie (Lair:2)
  3 kobold demonologists
  12 cane toads
  8 rime drakes
  8 komodo dragons
  An efreet (D:14)
  39 yaktaurs
  4 tengu conjurers
  An anaconda simulacrum (IceCv)
  An ancient zyme (Abyss:2)
  13 trolls
  2 freezing wraiths
  4 meliai
  A hornet (shapeshifter) (Abyss:2)
  5 hornets (WizLab)
  12 wind drakes
  12 polar bears
  25 slime creatures
  32 merfolk
  15 raiju
  4 blink frogs (Lair:3)
  24 dream sheep
  A blink frog (shapeshifter) (D:14)
  Prince Ribbit (D:5)
  9 snapping turtles
  A stone giant simulacrum (Abyss:2)
  2 redbacks (shapeshifter)
  4 spriggans
  A shadow (D:8)
  A redback (Vaults:4)
  An air elemental (Elf:2)
  Eustachio (D:6)
  11 water elementals
  8 wyverns
  52 yaks
  2 vampires
  4 wraiths
  2 fire elementals (Elf:2)
  4 chaos spawn
  A basilisk (shapeshifter) (D:15)
  A yak (shapeshifter) (D:15)
  7 basilisks
  A ynoxinul (Abyss:3)
  A hog (shapeshifter) (Abyss:2)
  3 vampire mosquitoes (D:12)
  A death yak simulacrum (IceCv)
  A neqoxec (Abyss:2)
  Edmund (D:4)
  2 steam dragons (Lair:6)
  25 nagas
  A harpy simulacrum (Abyss:2)
  2 acid dragons
  6 wargs
  12 large abominations
  20 water moccasins
  18 hell hounds
  12 black bears
  2 swamp drakes (Lair:6)
  A meliai simulacrum (D:14)
  A hornet zombie (D:6)
  An ice beast (D:8)
  An ettin simulacrum (Vaults:4)
  A necrophage (D:7)
  48 orc warriors
  18 ogres
  28 wolves
  5 boggarts (Vaults:3)
  25 centaurs
  A phantom (D:4)
  3 kobold brigands
  17 bullfrogs
  Blork the orc (D:6)
  15 small abominations
  A wyvern zombie (D:6)
  4 earth elementals
  5 gnoll sergeants
  2 scorpions
  2 cane toad simulacra (IceCv)
  A wyvern skeleton (D:7)
  3 killer bees (D:9)
  6 howler monkeys
  2 electric eels (D:10)
  5 bullfrog zombies (D:6)
  A quasit (Abyss:3)
  4 centaur zombies
  9 hounds
  20 orc priests
  2 centaur skeletons (D:6)
  3 bullfrog skeletons (D:6)
  2 gnoll shamans
  4 jellies
  An iron imp (Abyss:2)
  Ijyb (D:4)
  19 orc wizards
  4 iguanas
  A polar bear simulacrum (IceCv)
  A killer bee zombie (D:8)
  A mummy (Ossuary)
  3 howler monkey zombies
  24 gnolls
  2 howler monkey skeletons (D:6)
  5 adders
  2 white imps
  2 ufetubi (Abyss:2)
  An adder zombie (D:5)
  2 worms
  4 dart slugs
  65 orcs
  4 spectral bats (Ossuary)
  7 ball pythons
  5 endoplasms
  7 giant cockroaches
  12 gnoll zombies (Ossuary)
  20 goblins
  12 hobgoblins
  5 quokkas
  3 training dummies (D:5)
  4 bats
  2 bat simulacra (Ossuary)
  2 frilled lizards (D:2)
  7 goblin simulacra (Ossuary)
  2 goblin zombies (Ossuary)
  8 hobgoblin zombies (Ossuary)
  28 kobolds
  7 kobold zombies (Ossuary)
  An orc zombie (Ossuary)
  6 rats
  3 rat simulacra (Ossuary)
  3 spectral goblins (Ossuary)
  2 spectral kobolds (Ossuary)
  A spectral rat (Ossuary)
  3 bushes (WizLab)
  2 butterflies (Lair:5)
  A lurking horror (Abyss:2)
  A starspawn tentacle (Abyss:2)
  13 tentacles
1875 creatures vanquished.

Vanquished Creatures (collateral kills)
  Vashnia (Snake:2)
  A quicksilver dragon (Snake:4)
  A frost giant (Depths:3)
  A vault warden (Vaults:1)
  Louise (Snake:4)
  A deep elf demonologist (Elf:3)
  2 very ugly things
  A vampire knight (Depths:3)
  An entropy weaver (Vaults:4)
  A purple draconian (Depths:4)
  A bunyip (shapeshifter) (D:15)
  A merfolk javelineer (Shoals:1)
  A deep elf annihilator (Elf:3)
  A deep elf death mage (Elf:3)
  A fire dragon (Depths:3)
  2 great orbs of eyes
  A deep elf high priest (Elf:1)
  A vault guard (Vaults:5)
  2 centaur warriors (Vaults:1)
  An anaconda (Snake:3)
  A deep troll earth mage (Depths:3)
  3 dancing weapons
  A death yak (Lair:6)
  A thrashing horror (Abyss:3)
  2 hell knights
  A vampire mage (Abyss:3)
  2 deep elf knights (Elf:1)
  A salamander mystic (Snake:3)
  A wizard (Vaults:4)
  A starcursed mass (Abyss:2)
  A lindwurm (Vaults:4)
  A deep elf archer (Elf:2)
  A wolf spider (D:15)
  An ironbound convoker (Vaults:1)
  2 orc knights
  A mana viper (Snake:4)
  4 deep elf pyromancers
  An orc sorcerer (Elf:1)
  4 salamanders
  A faun (WizLab)
  An ugly thing (Depths:4)
  A cyclops (Orc:2)
  A mana viper (shapeshifter) (Abyss:3)
  5 cane toads
  2 yaktaurs (Vaults:5)
  A tengu conjurer (Depths:3)
  2 trolls (Orc:2)
  A large abomination (Abyss:3)
  A slime creature (D:15)
  2 redbacks (Vaults:4)
  A wraith (Abyss:3)
  2 fire elementals (Elf:1)
  A wyvern (D:5)
  A basilisk (Lair:3)
  Menkaure (D:6)
  2 nagas (Snake:4)
  A hell hound (Lair:6)
  An ice beast (D:5)
  An ogre (shapeshifter) (D:14)
  An ogre (Orc:2)
  A wolf (Lair:6)
  A centaur (D:6)
  A kobold brigand (D:8)
  A bullfrog (D:8)
  A scorpion (D:5)
  A wyvern zombie (D:6)
  A small abomination (Abyss:2)
  An orc priest (Orc:1)
  A scorpion zombie (D:5)
  A hound skeleton (D:4)
  A howler monkey zombie (D:6)
  An adder (D:5)
  A shadow imp (D:3)
  5 orcs
  2 kobolds
  A tentacle (Shoals:2)
104 creatures vanquished.

Vanquished Creatures (others)
  A fire giant (D:14)
  2 deep elf knights (Elf:3)
  A deep elf zephyrmancer (Elf:2)
  A deep elf pyromancer (Elf:1)
  A manticore (D:14)
  An unseen horror (shapeshifter) (D:14)
  A naga (Snake:4)
  2 orc warriors
  A small abomination (Abyss:2)
  An orc priest (Elf:1)
  A gnoll (D:12)
  3 orcs (Elf:1)
  2 bushes (WizLab)
  106 foxfires
  29 fungi
  2 lurking horrors (Abyss:3)
  145 plants
  6 starspawn tentacles (Abyss:2)
  18 tentacles
  3 withered plants
327 creatures vanquished.

Grand Total: 2306 creatures vanquished

Notes
Turn   | Place    | Note
-------+----------+-------------------------------------------
     0 | D:1      | gimp the Demonspawn Cinder Acolyte began the quest for the
                  | Orb.
     0 | D:1      | Reached XP level 1. HP: 18/18 MP: 2/2
   249 | D:1      | Gained mutation: A meltable shield of frost defends you.
                  | (SH +4) [demonic ancestry]
   249 | D:1      | Reached XP level 2. HP: 12/24 MP: 3/3
   623 | D:1      | You fall into a shaft and drop 1 floor!
   704 | D:2      | Noticed a shining eye
   706 | D:2      | Found a faded altar of an unknown god.
   709 | D:2      | Noticed a shining eye
   709 | D:2      | Noticed a shining eye
   709 | D:2      | Noticed a shining eye
   868 | D:2      | Gained mutation: A weak demonic guardian rushes to your
                  | aid. [demonic ancestry]
   868 | D:2      | Reached XP level 3. HP: 14/29 MP: 4/4
  1128 | D:2      | Learned a level 2 spell: Scorch
  3062 | D:2      | Gained mutation: You are partially covered in rugged brown
                  | scales. (AC +1, +3% HP) [demonic ancestry]
  3062 | D:2      | Reached XP level 4. HP: 26/37 MP: 5/5
  3338 | D:3      | Found Jockoti's General Store.
  3385 | D:3      | Bought a potion of curing for 42 gold pieces
  3385 | D:3      | Bought a scroll of identify for 28 gold pieces
  3385 | D:3      | Bought a potion of degeneration for 14 gold pieces
  3752 | D:3      | Found a shadowy altar of Dithmenos.
  4356 | D:4      | Noticed Dowan
  4357 | D:4      | Noticed Duvessa
  4571 | D:4      | Gained mutation: You have a small tail. [demonic ancestry]
  4571 | D:4      | Reached XP level 5. HP: 18/43 MP: 6/6
  4904 | D:5      | Entered Level 5 of the Dungeon
  5001 | D:5      | Noticed an ice beast
  5024 | D:5      | Killed an ice beast
  5061 | D:5      | Gained mutation: You have a tail ending in a sharp stinger.
                  | [demonic ancestry]
  5061 | D:5      | Reached XP level 6. HP: 24/49 MP: 5/7
  5695 | D:4      | Reached skill level 5 in Long Blades
  5875 | D:4      | Noticed Ijyb
  5891 | D:4      | Killed Ijyb
  6010 | D:4      | Noticed Edmund
  6020 | D:4      | Killed Edmund
  6021 | D:4      | Reached XP level 7. HP: 49/56 MP: 1/8
  6085 | D:4      | Noticed Pikel
  6093 | D:4      | Killed Pikel
  6094 | D:4      | Reached skill level 5 in Fighting
  6094 | D:4      | Reached skill level 5 in Fire Magic
  6094 | D:4      | Reached XP level 8. HP: 59/63 MP: 9/9
  6470 | D:4      | Found a burning altar of Makhleb.
  6705 | D:4      | Found an ancient bone altar of Kikubaaqudgha.
  6707 | D:4      | Found an iron altar of Okawaru.
  6708 | D:4      | Found a shimmering blue altar of Sif Muna.
  6708 | D:4      | Found a bloodstained altar of Trog.
  6926 | D:5      | Reached skill level 1 in Armour
  7122 | D:5      | Found a staircase to the Ecumenical Temple.
  7537 | D:5      | Found Yqifrej's Firing Range.
  7842 | D:6      | Noticed Menkaure
  7843 | D:6      | Noticed Prince Ribbit
  7845 | D:6      | Killed Menkaure
  7868 | D:5      | Killed Prince Ribbit
  8381 | D:6      | Noticed Eustachio
  8409 | D:6      | Killed Eustachio
  8410 | D:6      | Reached skill level 5 in Spellcasting
  8410 | D:6      | Gained mutation: You have a sharp stinger which inflicts
                  | weakening toxins. [demonic ancestry]
  8410 | D:6      | Reached XP level 9. HP: 50/70 MP: 16/16
  8727 | D:6      | Learned a level 2 spell: Searing Ray
  9036 | D:6      | Reached skill level 1 in Dodging
  9403 | D:6      | Noticed Blork the orc
  9409 | D:6      | Killed Blork the orc
 11645 | D:7      | Paralysed by a centaur for 7 turns
 12275 | D:7      | Gained mutation: A meltable icy envelope protects you from
                  | harm. (AC +8) [demonic ancestry]
 12275 | D:7      | Reached XP level 10. HP: 47/78 MP: 20/20
 12990 | D:8      | Reached skill level 1 in Maces & Flails
 12990 | D:8      | Reached skill level 5 in Dodging
 13073 | D:8      | Found a sand-covered staircase.
 13082 | Ossuary  | Entered an ossuary
 14679 | D:8      | Noticed a gargoyle
 14704 | D:8      | Killed a gargoyle
 15061 | D:8      | Reached skill level 1 in Evocations
 15067 | D:8      | Noticed a cyclops
 15327 | D:8      | Killed a cyclops
 15463 | D:8      | Noticed a cyclops
 15636 | D:8      | Killed a cyclops
 15637 | D:8      | Reached skill level 5 in Maces & Flails
 15715 | D:8      | Identified the +6 falchion of Spontaneous Combustion {elec,
                  | Will++ rCorr Str+2 Stlth-}
 15784 | D:8      | Identified the +2 dagger of an ossuary {flame, *Rage Will+
                  | Dex+4}
 15796 | D:8      | Identified the +4 quarterstaff of the Destroying Traitor
                  | {freeze, rElec Stlth+}
 15819 | D:8      | Found a broken altar of Ashenzari.
 15819 | D:8      | Found an ancient bone altar of Kikubaaqudgha.
 15819 | D:8      | Found a stormy altar of Qazlal.
 15994 | D:8      | Gained mutation: A meltable icy envelope protects you from
                  | harm. (AC +8) [demonic ancestry]
 15994 | D:8      | Reached XP level 11. HP: 56/86 MP: 21/21
 17388 | D:9      | Found a sacrificial altar of Ru.
 17517 | D:9      | Noticed Harold
 17526 | D:9      | Noticed a two-headed ogre
 17530 | D:9      | Killed Harold
 17530 | D:9      | Noticed a two-headed ogre
 17546 | D:9      | Killed a two-headed ogre
 17547 | D:9      | Reached skill level 5 in Evocations
 17556 | D:9      | Killed a two-headed ogre
 17628 | D:9      | Found the +7 pair of quick blades "Gyre" and "Gimble"
                  | {protect}
 17799 | D:10     | Entered Level 10 of the Dungeon
 17989 | D:10     | Found a staircase to the Lair.
 18264 | D:10     | Found Yngunt's Jewellery Shoppe.
 18434 | D:10     | Bought an amulet of regeneration for 360 gold pieces
 18445 | D:10     | Found a radiant altar of Vehumet.
 18515 | D:10     | Noticed Fannar
 18535 | D:10     | Killed Fannar
 18718 | D:10     | Reached skill level 10 in Long Blades
 18950 | D:11     | Found a flagged portal.
 18967 | Bailey   | Entered a bailey
 19153 | Bailey   | Noticed an orc knight
 19189 | Bailey   | Killed an orc knight
 19230 | Bailey   | Found a bloodstained altar of Trog.
 19271 | Bailey   | Identified the +2 pair of gloves "Jautux" {rN+}
 19331 | D:11     | Reached XP level 12. HP: 93/93 MP: 22/22
 19399 | D:11     | Found a staircase to the Orcish Mines.
 19461 | D:11     | Found Eqacraeg's Antique Weapon Boutique.
 19461 | D:11     | Noticed an eight-headed hydra
 19489 | D:11     | Killed a two-headed hydra
 19633 | D:11     | Found Yxoliam's Distillery.
 19881 | D:11     | Found Bocwan's Jewellery Shop.
 19888 | D:11     | Bought a ring of see invisible for 195 gold pieces
 20035 | D:11     | Noticed a boulder beetle
 20035 | D:11     | Noticed a centaur warrior
 20035 | D:11     | Noticed a boulder beetle
 20103 | Lair:1   | Entered Level 1 of the Lair of Beasts
 20209 | Lair:1   | Found a frozen archway.
 20226 | Lair:1   | Learned a level 3 spell: Call Canine Familiar
 20234 | IceCv    | Entered an ice cave
 20246 | IceCv    | Found a transporter.
 20253 | IceCv    | Reached skill level 1 in Summonings
 20256 | IceCv    | Found a transporter.
 20382 | Lair:1   | Noticed Joseph
 20406 | Lair:1   | Killed Joseph
 20812 | Lair:1   | Identified a scroll of acquirement
 20813 | Lair:1   | Acquired Sif Muna's Tome of Icy Confrontation
 20820 | Lair:1   | Learned a level 4 spell: Flame Wave
 20825 | Lair:1   | Learned a level 4 spell: Sticky Flame
 21280 | Lair:2   | Reached skill level 1 in Conjurations
 21730 | Lair:2   | Noticed Maggie
 21752 | Lair:2   | Killed Maggie
 21924 | Lair:2   | Noticed Erica
 21938 | Lair:2   | Killed Erica
 22063 | Lair:3   | Noticed a catoblepas
 22092 | Lair:2   | Killed a catoblepas
 22123 | Lair:3   | Acquired the +2 pair of boots of the Accordion {Int+2}
 22155 | Lair:3   | Noticed a seven-headed hydra
 22179 | Lair:3   | Killed a one-headed hydra
 22180 | Lair:3   | Reached skill level 5 in Conjurations
 22180 | Lair:3   | Gained mutation: A demonic guardian rushes to your aid.
                  | [demonic ancestry]
 22180 | Lair:3   | Reached XP level 13. HP: 94/98 MP: 23/23
 22586 | Lair:3   | Noticed Gastronok
 22610 | Lair:3   | Killed Gastronok
 22803 | Lair:3   | Learned a level 5 spell: Fireball
 23435 | Lair:4   | Noticed Nessos
 23448 | Lair:4   | Killed Nessos
 23679 | Lair:4   | Identified the +0 robe of Syrejoth {rElec Dex+3}
 23896 | Lair:4   | Found a staircase to the Shoals.
 24112 | Lair:4   | Found a staircase to the Snake Pit.
 24374 | Lair:5   | Found a viscous altar of Jiyva.
 24375 | Lair:5   | Found a staircase to the Slime Pits.
 24459 | Lair:5   | Found a runed translucent gate.
 24459 | Lair:5   | Found a runed translucent gate.
 24459 | Lair:5   | Found a runed translucent gate.
 24459 | Lair:5   | Noticed Necwier's ghost (journeyman MiBe)
 24459 | Lair:5   | Noticed Ziry's ghost (journeyman DgIE)
 24460 | Lair:5   | Noticed Gaergho's ghost (journeyman DrAK)
 24460 | Lair:5   | Noticed Dowoeg's ghost (journeyman DjWn)
 24904 | Lair:6   | Entered Level 6 of the Lair of Beasts
 25087 | Lair:6   | Gained mutation: You are mostly covered in rugged brown
                  | scales. (AC +2, +5% HP) [demonic ancestry]
 25087 | Lair:6   | Reached XP level 14. HP: 83/108 MP: 24/24
 25299 | Lair:6   | Reached skill level 10 in Conjurations
 26734 | Lair:6   | Acquired the +2 pair of gloves of Moral Flaws {Drain rPois
                  | Int+10 SInv}
 26909 | Lair:6   | Reached skill level 10 in Fire Magic
 27228 | Orc:1    | Entered Level 1 of the Orcish Mines
 27283 | Orc:1    | Noticed an orc warlord
 27295 | Orc:1    | Killed an orc warlord
 27296 | Orc:1    | Reached skill level 1 in Shields
 27812 | Orc:2    | Entered Level 2 of the Orcish Mines
 28130 | Orc:2    | Gained mutation: You are completely covered in rugged brown
                  | scales. (AC +3, +7% HP) [demonic ancestry]
 28130 | Orc:2    | Reached XP level 15. HP: 107/115 MP: 25/25
 28227 | Orc:2    | Reached skill level 5 in Shields
 28395 | Orc:2    | Found Guotuij's Book Emporium.
 28404 | Orc:2    | Found Iloemufa's Jewellery Shoppe.
 28468 | Orc:2    | Found Buzawox's Book Shop.
 28475 | Orc:2    | Bought the ring "Hyzyxt" {Fly rN+ Will+} for 377 gold
                  | pieces
 28485 | Orc:2    | Found Mivel's Weapon Emporium.
 28684 | Orc:2    | Found a staircase to the Elven Halls.
 28895 | Orc:1    | Found Zeps's Antique Weapon Emporium.
 29404 | D:3      | Bought a scroll of magic mapping for 49 gold pieces
 29404 | D:3      | Bought a scroll of acquirement for 728 gold pieces
 29405 | D:3      | Acquired a +1 double sword of electrocution
 29650 | D:11     | Bought the ring "Orool" {Contam rElec rF+ rN+ Int+4} for
                  | 598 gold pieces
 29662 | D:11     | Learned a level 6 spell: Starburst
 29732 | D:11     | Identified the +8 hand axe "Tuhe" {speed, Stlth+}
 29855 | D:11     | Noticed a frost giant
 29868 | D:11     | Killed a frost giant
 30228 | D:12     | Noticed Snorg
 30242 | D:12     | Killed Snorg
 31732 | D:13     | Found a gate to the Vaults.
 31873 | D:13     | Found Isir's Jewellery Shop.
 32662 | D:14     | Noticed josh86's ghost (journeyman BaIE)
 32838 | D:14     | Found a runed translucent gate.
 32839 | D:14     | Found a runed translucent gate.
 32840 | D:14     | Found a runed translucent gate.
 33209 | D:14     | Noticed a fire giant
 33225 | D:14     | Killed a fire giant
 33237 | D:14     | Noticed a quicksilver dragon
 33326 | D:14     | Noticed a frost giant
 33344 | D:14     | Killed a frost giant
 33345 | D:14     | Reached XP level 16. HP: 60/123 MP: 23/29
 33351 | D:14     | Reached skill level 10 in Spellcasting
 33554 | D:15     | Entered Level 15 of the Dungeon
 33796 | D:15     | Identified the +2 robe of Kuattok {rCorr}
 34058 | D:15     | Found a staircase to the Depths.
 34735 | D:15     | Upgraded the game from 0.28-a0-779-g3d1f99b579 to
                  | 0.28-a0-793-g31680bbd8b
 35055 | Snake:1  | Entered Level 1 of the Snake Pit
 35063 | Snake:1  | Reached skill level 10 in Shields
 35508 | Snake:1  | Identified the +3 scale mail of the Sea {+Inv rCorr}
 35927 | Snake:2  | Found Qagurebb's General Store.
 36583 | Snake:2  | Noticed Vashnia
 36607 | Snake:2  | Killed Vashnia
 37824 | Snake:3  | Gained mutation: Your magical and physical power is
                  | slightly enhanced at high health. [demonic ancestry]
 37824 | Snake:3  | Reached XP level 17. HP: 128/128 MP: 33/33
 37867 | Snake:3  | Found Yteamm's Mass Market.
 38148 | Snake:4  | Entered Level 4 of the Snake Pit
 38346 | Snake:4  | Noticed Louise
 38369 | Snake:4  | Killed Louise
 38718 | Snake:4  | Found Laurutieju's Magic Scroll Shop.
 38750 | Snake:4  | Bought a scroll of blinking for 165 gold pieces
 38750 | Snake:4  | Bought a scroll of teleportation for 66 gold pieces
 38750 | Snake:4  | Bought a scroll of magic mapping for 77 gold pieces
 38750 | Snake:4  | Bought a scroll of magic mapping for 77 gold pieces
 38750 | Snake:4  | Bought a scroll of teleportation for 66 gold pieces
 39830 | Snake:4  | Noticed a quicksilver dragon
 39830 | Snake:4  | Noticed a quicksilver dragon
 39843 | Snake:4  | Killed a quicksilver dragon
 39847 | Snake:4  | Killed a quicksilver dragon
 39956 | Snake:4  | Got a serpentine rune of Zot
 40258 | Shoals:1 | Entered Level 1 of the Shoals
 40552 | Shoals:1 | Noticed a kraken
 40887 | Shoals:1 | Acquired 454 gold pieces
 41152 | Shoals:1 | Killed a kraken
 41672 | Shoals:2 | Noticed a kraken
 41681 | Shoals:2 | Killed a kraken
 42130 | Shoals:2 | Identified the +1 chain mail of Ruipuat {MP+9 Str+5}
 42261 | Shoals:2 | Noticed a kraken
 42358 | Shoals:2 | Killed a kraken
 43172 | Shoals:3 | Reached XP level 18. HP: 119/135 MP: 13/36
 43535 | Shoals:3 | Noticed Ilsuiw
 43563 | Shoals:3 | Killed Ilsuiw
 44348 | Shoals:4 | Entered Level 4 of the Shoals
 44622 | Shoals:4 | Reached skill level 15 in Spellcasting
 44625 | Shoals:4 | Learned a level 2 spell: Blink
 44859 | Shoals:4 | Identified the ring "Wiatetz" {rF+ rN+ Will- Int+4 Dex+3}
 45035 | Shoals:4 | Reached skill level 1 in Translocations
 45096 | Shoals:4 | Reached skill level 15 in Shields
 45129 | Shoals:4 | Identified the +10 long sword of Severance {protect, rElec
                  | rN+ Str+3 Dex+4}
 45298 | Shoals:4 | Got a barnacled rune of Zot
 45326 | Shoals:4 | Identified the +7 morningstar of Etsibile {holy, rF+}
 46221 | Vaults:1 | Entered Level 1 of the Vaults
 46286 | Vaults:1 | Reached skill level 10 in Fighting
 47555 | Vaults:1 | Found Adiocres's Magic Scroll Shoppe.
 47558 | Vaults:1 | Bought a scroll of blinking for 150 gold pieces
 47558 | Vaults:1 | Bought a scroll of blinking for 150 gold pieces
 47558 | Vaults:1 | Bought a scroll of silence for 150 gold pieces
 47558 | Vaults:1 | Bought a scroll of fear for 70 gold pieces
 47558 | Vaults:1 | Bought a scroll of summoning for 190 gold pieces
 47558 | Vaults:1 | Bought a scroll of teleportation for 60 gold pieces
 47558 | Vaults:1 | Bought a scroll of teleportation for 60 gold pieces
 48021 | Vaults:2 | Found a magical portal.
 48096 | Vaults:2 | Reached skill level 5 in Armour
 48099 | Vaults:2 | Reached XP level 19. HP: 157/157 MP: 6/38
 48273 | WizLab   | Entered Eringya's Formal Garden
 49258 | WizLab   | Found a blossoming altar of Fedhas.
 49876 | Vaults:2 | Noticed Mennas
 49897 | Vaults:2 | Killed Mennas
 50080 | Vaults:2 | Identified the +6 chain mail "Goonlura" {Stlth+}
 50295 | Vaults:2 | Reached skill level 15 in Fighting
 51261 | Vaults:3 | Found a runed translucent door.
 51466 | Vaults:3 | Noticed Boris
 51496 | Vaults:3 | Killed Boris
 51937 | Vaults:3 | Gained mutation: A powerful demonic guardian rushes to your
                  | aid. [demonic ancestry]
 51937 | Vaults:3 | Reached XP level 20. HP: 145/174 MP: 24/39
 52056 | Vaults:3 | Found a staircase to the Crypt.
 52056 | Vaults:3 | Found a basalt altar of Yredelemnul.
 52056 | Vaults:3 | Found an ancient bone altar of Kikubaaqudgha.
 52964 | Vaults:3 | Noticed Budghuxen's ghost (veteran HOFi)
 55358 | D:14     | Noticed a caustic shrike
 55358 | D:14     | an acid blob changed into a caustic shrike
 55417 | D:14     | Killed a caustic shrike
 55417 | D:14     | Killed josh86's ghost
 55785 | Lair:5   | Killed Necwier's ghost
 55805 | Lair:5   | Cast into level 2 of the Abyss (Gaergho's ghost)
 56171 | Abyss:2  | Noticed a bone dragon
 56279 | Abyss:3  | Found an iron altar of Okawaru.
 56306 | Abyss:3  | Reached skill level 10 in Armour
 56394 | Lair:5   | Escaped the Abyss
 56417 | Lair:5   | Killed Gaergho's ghost
 56440 | Lair:5   | Killed Dowoeg's ghost
 56462 | Lair:5   | Killed Ziry's ghost
 56480 | Lair:5   | Identified the ring of Propriety {MP+9 Dex+4}
 56785 | Depths:1 | Entered Level 1 of the Depths
 56943 | Depths:1 | Reached XP level 21. HP: 117/180 MP: 33/40
 57247 | Depths:1 | Found a one-way gate to the infinite horrors of the Abyss.
 57248 | Depths:1 | Found a gateway to Hell.
 57339 | Depths:1 | Learned a level 5 spell: Silence
 57464 | Depths:1 | Reached skill level 15 in Conjurations
 57873 | Depths:2 | Found a one-way gate leading to the halls of Pandemonium.
 58031 | Depths:2 | Reached skill level 1 in Hexes
 58045 | Depths:2 | Reached skill level 1 in Air Magic
 58369 | Depths:2 | Found a gateway to a ziggurat.
 59002 | Depths:3 | Noticed the Enchantress
 59139 | Depths:2 | Cast into level 2 of the Abyss (the Enchantress)
 59213 | Abyss:2  | Identified the ring "Vanol" {Ice MP+9 Slay+3}
 59397 | Abyss:2  | Gained mutation: You are agile. (Dex +2) [a neqoxec]
 59420 | Abyss:2  | Gained mutation: Armour fits poorly on your strangely
                  | shaped body. [a neqoxec]
 59631 | Abyss:2  | Found a corrupted altar of Lugonu.
 59889 | Abyss:2  | Reached skill level 15 in Fire Magic
 59907 | Depths:2 | Escaped the Abyss
 60221 | Elf:1    | Entered Level 1 of the Elven Halls
 60405 | Elf:1    | Acquired 828 gold pieces
 60557 | Elf:1    | Identified the +3 shortbow of Dim Light {venom, rPois rN+}
 61306 | Elf:1    | Gained mutation: You occasionally shout uncontrollably at
                  | your foes. [a neqoxec]
 61496 | Elf:1    | Found a runed translucent gate.
 61496 | Elf:1    | Found a runed translucent gate.
 61496 | Elf:1    | Found a runed translucent gate.
 61496 | Elf:1    | Found a runed translucent gate.
 61496 | Elf:1    | Found a runed translucent gate.
 61498 | Elf:1    | Found a runed translucent gate.
 61780 | Elf:1    | Found Aplaoh's Weapon Emporium.
 61788 | Elf:1    | Bought the +2 Maxwell's thermic engine {flame, freeze} for
                  | 704 gold pieces
 61788 | Elf:1    | Found the +2 Maxwell's thermic engine {flame, freeze}
 62010 | Elf:2    | Reached skill level 5 in Hexes
 62179 | Elf:2    | Paralysed by an air elemental for 1 turns
 62184 | Elf:2    | Paralysed by an air elemental for 1 turns
 62273 | Elf:2    | Found Neyrios's Magic Scroll Boutique.
 62283 | Elf:2    | Bought a scroll of fear for 56 gold pieces
 62283 | Elf:2    | Bought a scroll of teleportation for 48 gold pieces
 62283 | Elf:2    | Bought a scroll of amnesia for 56 gold pieces
 62283 | Elf:2    | Bought a scroll of fog for 32 gold pieces
 62283 | Elf:2    | Bought a scroll of teleportation for 48 gold pieces
 62402 | Elf:2    | Reached skill level 5 in Air Magic
 62512 | Orc:2    | Bought Great Wizards, Vol. II for 532 gold pieces
 62512 | Orc:2    | Bought a book of Iron for 504 gold pieces
 62512 | Orc:2    | Bought the Unrestrained Analects for 616 gold pieces
 62522 | Orc:2    | Learned a level 8 spell: Ignition
 62528 | Orc:2    | Learned a level 5 spell: Borgnjor's Vile Clutch
 62535 | Orc:2    | Learned a level 6 spell: Iron Shot
 62547 | Orc:2    | Bought a book of Transfigurations for 560 gold pieces
 62557 | Orc:2    | Learned a level 5 spell: Irradiate
 62650 | Elf:2    | Found a runed translucent gate.
 62651 | Elf:2    | Found a runed translucent gate.
 62651 | Elf:2    | Found a runed translucent gate.
 62680 | Elf:3    | Entered Level 3 of the Elven Halls
 62817 | Elf:3    | Noticed Roxanne
 63002 | Elf:3    | Reached skill level 1 in Earth Magic
 63006 | Elf:3    | Reached XP level 22. HP: 188/188 MP: 34/41
 63336 | Elf:3    | Killed Roxanne
 63817 | Elf:3    | Got the Almanac of Flight
 63834 | Elf:3    | Identified the +2 robe of the Past {rPois SInv}
 63848 | Elf:3    | Identified the ring "Osiep" {Contam Fly Will+ rCorr Dex+3}
 63919 | Elf:3    | Identified the +4 flail of Iconoclasm {vorpal, rC- rN+
                  | rCorr}
 63946 | Elf:3    | Got the Guide on the Mutagenic Frostbite
 64491 | Depths:2 | Killed the Enchantress
 64492 | Depths:2 | Reached skill level 1 in Necromancy
 64782 | Depths:3 | Noticed Jory
 64798 | Depths:3 | Killed Jory
 65089 | Depths:3 | Acquired a +2 tower shield of protection
 65324 | Depths:3 | Got the Incunabulum of Changing and Conjuration
 65370 | Depths:3 | Identified the ring of Divine Intervention {rC- Will+ Str+7
                  | Int+5}
 65538 | Depths:3 | Noticed a golden dragon
 65551 | Depths:3 | Killed a golden dragon
 66473 | Depths:3 | Found the +7 great mace "Undeadhunter" {disrupt, rN+}
 66534 | Depths:3 | Reached skill level 5 in Earth Magic
 66543 | Depths:3 | Reached skill level 15 in Long Blades
 66696 | Depths:3 | Identified the +7 flail of Koc Piu {elec, SInv}
 66826 | Depths:4 | Entered Level 4 of the Depths
 66969 | Depths:4 | Reached skill level 5 in Necromancy
 67210 | Depths:4 | Reached XP level 23. HP: 189/194 MP: 36/42
 67526 | Depths:4 | Found a gate to the Realm of Zot.
 67542 | Depths:4 | Reached skill level 15 in Armour
 67859 | Depths:4 | Found Leemm's Jewellery Boutique.
 67859 | Depths:4 | Found Zaguqir's Book Shoppe.
 67860 | Depths:4 | Found Axany's Jewellery Boutique.
 68363 | Vaults:5 | Entered Level 5 of the Vaults
 68417 | Vaults:5 | Found the +27 Lear's hauberk
 68655 | Vaults:5 | HP: 9/194 [yaktaur/bolt[a yaktaur captain] (3)]
 68658 | Vaults:5 | Noticed a dread lich
 68660 | Vaults:5 | Shot with a bolt by a yaktaur captain

Illustrated notes

Levels and vault maps discovered:
D:1:      dpeg_arrival_simpleton_b, layout_basic,
          hangedman_decor_clover_reticule, kennysheep_flooded_box,
          minmay_octomino_j4
D:2:      layout_basic, hellmonk_ecumenical_altar_watching_god
D:3:      corexii_shack_village, layout_loops_cross,
          chequers_temple_overflow_statue_of_worship, serial_shops,
          nicolae_square_shop, small_statue_intersection
D:4:      layout_gridville, makhleb_blood_cavern_becter,
          mainiacjoe_overflow_alcove_3, uniq_edmund, uniq_ijyb, uniq_pikel,
          uniq_duvessa
D:5:      layout_basic, minmay_temple_entry_fiery, nicolae_shop_firing_range
D:6:      layout_basic, serial_undead, serial_undead_b, serial_undead_a,
          serial_undead_a, serial_undead_b, serial_undead_e, serial_undead_a,
          uniq_eustachio, uniq_menkaure, uniq_blork_the_orc, uniq_prince_ribbit1
D:7:      layout_basic, hex_medium, st_stairs_7
D:8:      minmay_the_grid_octo_triangle [minmay_the_grid_octo_chip,
          minmay_the_grid_octo_prize_ultimate_mussel_roller,
          minmay_the_grid_octo_shrine], layout_gridville,
          mainiacjoe_overflow_24_doors, nicolae_ossuary_entry_ruins,
          grunt_ministairs_5
D:9:      layout_roguey, nicolae_overflow_crystal_walls, supply_closet_lemuel,
          hellmonk_guarded_unrand_gyre_and_gimble, uniq_harold
D:10:     layout_rooms, fiery_altar_vehumet, erik_lair_island, serial_glass,
          glass_columns_a, glass_columns_b, glass_columns_a, glass_columns_b,
          glass_columns_c, glass_columns_b, nrook_uturn, nicolae_stop_n_shop_1,
          uniq_fannar
D:11:     minmay_shrinking_squares, layout_irregular_city, david_orc_3,
          enter_bailey_3, serial_shops, nicolae_shop_trees, shop,
          shop_fountains, grunt_ministairs_11
D:12:     layout_basic, kennysheep_potato, uniq_snorg
D:13:     layout_stronghold, david_vaults_4, serial_shops, shop
D:14:     minmay_expanding_squares, layout_loops_ring,
          hangedman_abyss_or_decor_jellyfish_corner,
          maelrawn_ghost_gauntlet_escape
D:15:     hangedman_depths_entry_try_elsewhere_first, layout_basic,
          chequers_serial_rivers_large_a
Lair:1:   layout_cave_shapes, portal_ice_cave_rime, serial_rivers,
          chequers_serial_rivers_micro_d, chequers_serial_rivers_micro_d,
          chequers_serial_rivers_micro_d, chequers_serial_rivers_small_b,
          chequers_serial_rivers_micro_b, chequers_serial_rivers_room_a,
          cheibrodos_lair_caveside_slide, uniq_joseph
Lair:2:   layout_regular_city, infiniplex_staircase_pool_2,
          serial_bayou_shore_b, uniq_erica, uniq_maggie
Lair:3:   layout_cave_pods, beast_lair_carwin_6, uniq_gastronok
Lair:4:   layout_roguey, elwin_shoals_entry_rooms, dummy_snake_entry,
          lemuel_fruit_tree, grunt_megastairs_5, serial_bayou_shore_a,
          serial_bayou_shore_b, uniq_nessos
Lair:5:   layout_misc_corridors, slime_altar_1, gammafunk_ghost_cemetery,
          eino_small_chamber_without_monster, lemuel_fruit_fields
Lair:6:   hangedman_lair_caniforms_friends, layout_regular_city,
          guppyfry_lair_end_dragon
Shoals:1: layout_shoals, st_sunken_huts
Shoals:2: layout_shoals
Shoals:3: layout_shoals, uniq_ilsuiw
Shoals:4: shoals_end_hangedman, layout_shoals,
          nicolae_shoals_stone_sculpture_thing
Snake:1:  layout_onion_interference, basic_altar
Snake:2:  layout_onion, serial_shops, shop_coins, uniq_vashnia
Snake:3:  layout_rooms, st_stairs_7, nicolae_snake_gridmaze_spiral,
          minmay_shop_mass, grunt_ministairs_12
Snake:4:  hellmonk_snake_rune_quicksilver_temple, layout_cave_town,
          serial_shops, shop, uniq_louise
Orc:1:    orc_temple, layout_diamond_mine, serial_shops, shop_statue
Orc:2:    st_orc_open, layout_caves
Elf:1:    minmay_elf_arrival_summoners, layout_gridlike, serial_shops, shop,
          orc_legates, hellmonk_bongcloud_opening, drop_trap
Elf:2:    nicolae_elf_blades_crystal_corner, layout_geoelf_grid, serial_shops,
          shop
Elf:3:    elf_hall_gauntlet_wide, layout_rooms, uniq_roxanne
Vaults:1: nicolae_vaults_gold_heap, vaults_mumra_hex, v_misc_2,
          nicolae_vaults_little_squares_5, nicolae_vaults_angled_halls,
          ontoclasm_vaults_eye, ontoclasm_vaults_loading_screen, v_misc_19,
          hangedman_vaults_cutoff, nicolae_vaults_yaktaur_gun_rack,
          nicolae_vaults_little_squares_1, hangedman_vaults_nails,
          grunt_vaults_hallway_short, layout_vaults_omnicross, serial_shops,
          nicolae_shop_crystal
Vaults:2: infiniplex_enter_wizlab_glasses, v_misc_24, v_misc_28,
          nicolae_vaults_network_star, nicolae_vaults_mini_display_case,
          ontoclasm_vaults_hangar, special_room_vaults [special_room_orc],
          vaults_dpeg_encased_lava, dpeg_vaults_monster_box,
          nicolae_vaults_rhombus_5, layout_vaults_chaotic_city, uniq_mennas
Vaults:3: ebering_ghost_reflecting_pool, vaults_mumra_lcd, grunt_vaults_swirl,
          v_misc_12, grunt_vaults_twisty, grunt_vaults_focal,
          nicolae_vaults_network_s, vaults_room_fancy_cross, special_room_vaults
          [special_room_orc], nicolae_vaults_three_branches, vaults_room_fours,
          minmay_crypt_entry_necro_gods, ontoclasm_vaults_fault,
          vaults_room_large_hall, vaults_dpeg_hooks, layout_vaults_ring,
          uniq_boris
Vaults:4: v_alt_pattern_2, vaults_room_semicircle,
          vaults_mumra_minichess_inversion, v_alt_pattern_6,
          hangedman_vaults_stagger, nicolae_vaults_little_ls,
          hangedman_vaults_corner_blocks, nicolae_vaults_circle_grid_b,
          nicolae_vaults_border_crossing, layout_vaults_quadrants
Vaults:5: serial_shops
Depths:1: layout_basic, hell_entry, abyss_entry, due_unseen_surprise,
          infiniplex_staircase_pool_lava, serial_bayou_shore_b
Depths:2: kennysheep_blocky_room, layout_basic, enter_ziggurat_c, pan_entry,
          hangedman_coc_ice_floe, minmay_staircase_windowed_large
Depths:3: minmay_spiral_squares, layout_twisted_cross, hell_entry,
          minmay_room_of_horrors, uniq_jory, uniq_enchantress
Depths:4: grunt_twist_and_shout, layout_basic, tso_metal_star, hell_entry,
          minmay_shop_grove

Skill      XL: |  1  2  3  4  5  6  7  8  9 10 11 12 13 14 15 16 17 18 19 20 21 22 23 |
---------------+----------------------------------------------------------------------+-----
Long Blades    | 3 4 5 6 7 10 12 13 14 15 | 15.8
Fire Magic     | 3 4 5 6 7 10 11 12 14 15 | 15.1
Fighting       | 4 5 6 7 12 15 | 15.4
Armour         | 3 5 7 10 12 14 15 | 15.0
Spellcasting   | 5 6 7 9 12 14 15 | 15.0
Dodging        | 4 6 |  6.0
Maces & Flails | 5 |  5.3
Evocations     | 3 6 8 |  8.0
Summonings     | 3 |  3.0
Conjurations   | 5 9 11 13 14 15 | 15.0
Shields        | 4 9 12 14 15 | 15.0
Translocations | 3 |  3.0
Hexes          | 5 6 |  6.0
Air Magic      | 5 6 |  6.0
Earth Magic    | 1 5 6 |  6.4
Necromancy     | 5 6 |  6.0

Action                   |  1- 3 |  4- 6 |  7- 9 | 10-12 | 13-15 | 16-18 | 19-21 | 22-24 || total
-------------------------+-------+-------+-------+-------+-------+-------+-------+-------++-------
Melee: Falchion          |   156 |   184 |     3 |   652 |  1647 |  1298 |   865 |       ||  4805
       Tailslap          |       |     4 |    42 |   124 |   305 |   194 |   297 |   134 ||  1100
       Whip              |       |       |   364 |   289 |       |       |       |       ||   653
       Scimitar          |       |       |       |    10 |    48 |    12 |       |       ||    70
       Double sword      |       |       |       |       |       |     5 |   905 |   810 ||  1720
       Long sword        |       |       |       |       |       |       |   104 |       ||   104
Throw: Javelin           |     4 |     6 |     3 |       |       |     3 |       |       ||    16
       Dart              |       |       |       |    22 |     8 |       |       |       ||    30
 Cast: Scorch            |       |    14 |     6 |    19 |       |     2 |       |       ||    41
       Searing Ray       |       |       |     1 |       |       |       |       |       ||     1
       Flame Wave        |       |       |       |       |     9 |     5 |       |       ||    14
       Sticky Flame      |       |       |       |       |    27 |   118 |   101 |     1 ||   247
       Fireball          |       |       |       |       |     7 |    70 |    21 |     1 ||    99
       Starburst         |       |       |       |       |    10 |    84 |   111 |     8 ||   213
       Call Canine Famil |       |       |       |       |     2 |     2 |     1 |       ||     5
       Silence           |       |       |       |       |       |       |     1 |    10 ||    11
       Irradiate         |       |       |       |       |       |       |       |    21 ||    21
       Borgnjor's Vile C |       |       |       |       |       |       |       |     7 ||     7
Invok: Foxfire Swarm     |     1 |       |     1 |     4 |       |       |       |       ||     6
       Sea of Fire       |       |       |       |     1 |       |       |       |       ||     1
Evoke: Wand              |       |     3 |     9 |    40 |     5 |    14 |     6 |       ||    77
       Phantom mirror    |       |       |       |     1 |     2 |     1 |     2 |       ||     6
       Tin of tremorston |       |       |       |       |     5 |     5 |     3 |     2 ||    15
       Box of beasts     |       |       |       |       |       |     2 |     3 |       ||     5
  Use: Scroll            |       |     4 |     5 |    22 |     6 |    10 |     8 |    10 ||    65
       Potion            |       |     2 |       |     3 |     1 |     1 |     4 |     4 ||    15
 Stab: Paralysed         |       |       |       |    10 |     6 |     4 |       |     1 ||    21
       Distracted        |       |       |       |     2 |       |     3 |     3 |     2 ||    10
       Confused          |       |       |       |       |       |       |     2 |       ||     2
Armor: Robe              |    27 |    24 |       |       |       |       |       |       ||    51
       Leather armour    |       |       |   136 |   318 |       |       |       |       ||   454
       Ring mail         |       |       |       |    68 |   708 |    74 |       |       ||   850
       Ice dragon scales |       |       |       |       |       |   505 |   778 |   331 ||  1614
Dodge: Dodged            |    89 |    86 |   261 |   533 |   710 |   368 |   510 |   238 ||  2795
Block: Other             |    28 |    29 |    94 |   148 |   130 |       |       |       ||   429
       Kite shield       |       |       |       |       |   346 |   889 |  1270 |   573 ||  3078

Table legend: (Time is in decaauts)
 A = Elapsed time spent in this place.
 B = Non-inter-level travel time spent in this place.
 C = Inter-level travel time spent in this place.
 D = Time resting spent in this place.
 E = Time spent auto-exploring this place.
 F = Levels seen in this place.
 G = Mean time per level.
                   A        B        C        D        E       F      G
               +--------+--------+--------+--------+--------+-----+--------+
         Total |  66964 |  61918 |   5046 |   6158 |  41192 |  50 | 1339.3 |
       Dungeon |  26450 |  23893 |   2557 |   4044 |  15518 |  15 | 1763.3 |
          Lair |   7370 |   6588 |    782 |    334 |   4317 |   6 | 1228.3 |
        Shoals |   5530 |   5361 |    169 |    226 |   4035 |   4 | 1382.5 |
     Snake Pit |   4801 |   4608 |    193 |    254 |   3224 |   4 | 1200.2 |
  Orcish Mines |   2212 |   1971 |    241 |    338 |    997 |   2 | 1106.0 |
   Elven Halls |   3547 |   3218 |    329 |    159 |   1927 |   3 | 1182.3 |
        Vaults |   7666 |   7338 |    328 |    227 |   5492 |   5 | 1533.2 |
        Depths |   5997 |   5553 |    444 |    268 |   3939 |   4 | 1499.2 |
         Abyss |   1259 |   1259 |      0 |    117 |    542 |   3 |  419.7 |
       Ossuary |    540 |    540 |      0 |      0 |    304 |   1 |  540.0 |
        Bailey |    318 |    318 |      0 |     95 |     93 |   1 |  318.0 |
      Ice Cave |     73 |     73 |      0 |      0 |     32 |   1 |   73.0 |
        Wizlab |   1198 |   1198 |      0 |     93 |    772 |   1 | 1198.0 |
               +--------+--------+--------+--------+--------+-----+--------+

Top non-repeatable levels by time:
     D:7: 2906 daAuts
     D:5: 2784 daAuts
     D:8: 2569 daAuts
Depths:3: 2262 daAuts
     D:6: 2154 daAuts
Vaults:4: 2085 daAuts
  Lair:6: 1955 daAuts
    D:13: 1951 daAuts
Vaults:2: 1931 daAuts
     D:4: 1930 daAuts
 Snake:4: 1852 daAuts
    D:14: 1844 daAuts
Vaults:3: 1823 daAuts
     D:1: 1789 daAuts
   Elf:1: 1699 daAuts
